 Dungeon Crawl Stone Soup version 0.21.1-1-g345015fe64 (webtiles) character file.

52135 Lentor the Fencer (level 14, -6/129 HPs)
             Began as a Minotaur Berserker on June 11, 2018.
             Was a High Priest of Trog.
             Splashed by an oklob plant's acid (8 damage)
             ... on level 4 of the Lair of Beasts.
             The game lasted 00:43:34 (16557 turns).

Lentor the Fencer (Minotaur Berserker)             Turns: 16557, Time: 00:43:35

Health: -6/129     AC: -1    Str: 34    XL:     14   Next: 26%
Magic:  13/13      EV: 16    Int:  4    God:    Trog [*****.]
Gold:   925        SH: 13    Dex: 11    Spells: 13/13 levels left

rFire    + . .     SeeInvis .   y - +4 scimitar (flame)
rCold    . . .     Gourm    .   a - +0 shield
rNeg     . . .     Faith    .   U - +1 troll leather armour {Snorg}
rPois    +         Spirit   .   H - +2 hat
rElec    +         Reflect  .   S - +1 cloak
rCorr    .         Harm     .   p - +0 pair of gloves
MR       +....                  u - +0 pair of boots
Stlth    ++++......             N - amulet "Jetasak" {RegenMP rElec rF+ Str+8}
HPRegen  0.71/turn              z - ring of poison resistance
MPRegen  0.38/turn              v - ring of stealth

@: about to teleport, corroded
A: retaliatory headbutt, horns 2
a: Berserk, Trog's Hand, Brothers in Arms, Burn Spellbooks, Renounce Religion


You were on level 4 of the Lair of Beasts.
You worshipped Trog.
Trog was extremely pleased with you.
You were not hungry.

You visited 3 branches of the dungeon, and saw 18 of its levels.

You collected 925 gold pieces.

Inventory:

Hand Weapons
 y - a +4 scimitar of flaming (weapon)
Missiles
 D - 6 silver javelins (quivered)
Armour
 a - a +0 shield (worn)
 p - a +0 pair of gloves (worn)
 u - a +0 pair of boots (worn)
 F - the +5 robe of Night {Dark MR+ SInv}
   (You found it on level 10 of the Dungeon)

   It affects your resistance to hostile enchantments.
   It lets you see invisible.
 H - a +2 hat (worn)
 S - a +1 cloak (worn)
 U - a +1 troll leather armour (worn) {Snorg}
Jewellery
 d - an uncursed ring of flight
 m - an uncursed amulet of regeneration
 v - a ring of stealth (right hand)
 z - a ring of poison resistance (left hand)
 G - an uncursed ring of see invisible {unknown}
 I - an uncursed ring of wizardry {unknown}
 J - an uncursed ring of fire
 K - an uncursed ring of ice
 N - the amulet "Jetasak" (around neck) {RegenMP rElec rF+ Str+8}
   (You found it on level 13 of the Dungeon)

   [amulet of magic regeneration]

   It increases your magic regeneration.
   It affects your strength (+8).
   It protects you from fire.
   It insulates you from electricity.
 O - a +2 ring of dexterity
 R - an uncursed ring of resist corrosion
Wands
 b - a wand of polymorph (11)
 s - a wand of clouds (6)
 A - a wand of random effects (60)
 C - a wand of iceblast (17)
 M - a wand of enslavement (8)
Scrolls
 f - 5 scrolls of remove curse
 i - 2 scrolls of blinking
 n - 3 scrolls of teleportation
 q - 3 scrolls of magic mapping
 T - 3 scrolls of identify
Potions
 e - 6 potions of flight
 g - 3 potions of heal wounds
 h - a potion of berserk rage {unknown}
 j - 7 potions of curing
 k - 2 potions of magic
 l - a potion of might
 o - a potion of lignification
 r - 3 potions of haste {unknown}
 x - 2 potions of ambrosia
 B - 3 potions of brilliance
 P - 2 potions of mutation {unknown}
 Q - a potion of agility {unknown}
Books
 w - a book of Maledictions

   Spells                             Type                      Level
   a - Corona                         Hexes                        1
   b - Ensorcelled Hibernation        Hexes/Ice                    2
   c - Confuse                        Hexes                        3
   d - Tukima's Dance                 Hexes                        3
   e - Dazzling Spray                 Conjuration/Hexes            3
   Trog disapproves of the use of such an item.
 E - a book of Misfortune

   Spells                             Type                      Level
   a - Confusing Touch                Hexes                        1
   b - Confuse                        Hexes                        3
   c - Gell's Gravitas                Translocation                3
   d - Petrify                        Transmutation/Earth          4
   e - Metabolic Englaciation         Hexes/Ice                    5
   f - Yara's Violent Unravelling     Hexes/Transmutation          5
   Trog disapproves of the use of such an item.
 L - a book of Callings

   Spells                             Type                      Level
   a - Summon Small Mammal            Summoning                    1
   b - Call Imp                       Summoning                    2
   c - Call Canine Familiar           Summoning                    3
   d - Summon Guardian Golem          Hexes/Summoning              3
   e - Summon Lightning Spire         Summoning/Air                4
   f - Summon Ice Beast               Ice/Summoning                4
   Trog disapproves of the use of such an item.
Miscellaneous
 t - a phial of floods
Comestibles
 c - 27 rations


   Skills:
 + Level 13.1 Fighting
 + Level 15.4 Long Blades
 + Level 3.3 Throwing
 + Level 11.2 Armour
 + Level 10.9 Dodging
 + Level 7.9 Stealth
 + Level 10.7 Shields


You had 13 spell levels left.
You didn't know any spells.

Dungeon Overview and Level Annotations

Branches:
Dungeon (13/15)            Temple (1/1) D:6            Lair (4/6) D:11
  Swamp (0/4) Lair:3       Spider (0/4) Lair:2          Orc (0/2) D:11
 Vaults (0/5) D:13

Altars:
Ashenzari
Cheibriados
Dithmenos
Elyvilon
Fedhas
Gozag
Hepliaklqana
Kikubaaqudgha
Makhleb
Nemelex Xobeh
Okawaru
Qazlal
Ru
Sif Muna
Trog
Uskayaw
Vehumet
Wu Jian
Xom
Yredelemnul
Zin
The Shining One

Shops:
D:4 :   D:11 ?

Annotations:
Lair:4 exclusion: 3 oklob plants


Innate Abilities, Weirdness & Mutations

You reflexively headbutt those who attack you in melee.
You have a pair of horns on your head.


Message History

The acid burns!
As you read the scroll of teleportation, it crumbles to dust.
You feel strangely unstable. The oklob plant spits acid at you.
The splash of acid hits you!
You are splashed with acid!
The acid burns!
* * * LOW HITPOINT WARNING * * *
You feel much better. The oklob plant spits acid at you.
The splash of acid hits you!
You are splashed with acid!
The acid burns!
* * * LOW HITPOINT WARNING * * *
The oklob plant spits acid at you. The splash of acid hits you!
* * * LOW HITPOINT WARNING * * *
The acid corrodes you!
You are splashed with acid!
The acid burns!
* * * LOW HITPOINT WARNING * * *
The oklob plant spits acid at you. The splash of acid hits you!
* * * LOW HITPOINT WARNING * * *
The acid corrodes you!
You are splashed with acid!
The acid burns!
You die...

...###....##
##...#...}.#
#.##.......#
####.......# ###
#.......## ##.######
####.....####.....P.#
#.......##...PP!).#
##.....#.#........[#
#......###..@.P.P$.#
####<.........######
#.........###
##......###
##.P....##
###....#...# ##
#..........###
.######....#......##
..#.###.P.#........#


You could see 3 oklob plants.

Vanquished Creatures
  Rupert (Lair:3)
  Gastronok (D:11)
  Snorg (Lair:3)
  An ogre mage (D:13)
  The ghost of Niraks the Protected, a journeyman MiBe of Trog (D:12)
  5 hydras
  Fannar (Lair:2)
  Erica (D:8)
  7 two-headed ogres
  A death yak (Lair:4)
  2 tengu warriors (D:13)
  Urug (Lair:4)
  Nergalle (D:11)
  Pikel (D:8)
  A deep elf mage (D:13)
  An ugly thing (D:13)
  The ghost of Naru the Thaumaturge, a novice SpVM of Makhleb (D:8)
  2 black mambas (Lair:3)
  Maurice (D:12)
  A manticore (D:12)
  Joseph (D:8)
  A torpor snail (Lair:4)
  5 spiny frogs
  6 komodo dragons
  A kobold demonologist (D:13)
  A rime drake (Lair:4)
  6 trolls
  A merfolk (D:9)
  3 polar bears
  A hornet (Lair:2)
  6 slime creatures (D:12)
  5 hippogriffs
  13 blink frogs (Lair:4)
  3 wyverns
  The ghost of werns the Skirmisher, an amateur HOAK of Lugonu (D:4)
  3 basilisks (Lair:1)
  A steam dragon (Lair:2)
  2 hungry ghosts
  Grum (D:11)
  27 yaks
  2 vampire mosquitoes (D:13)
  6 porcupines
  6 water moccasins
  An orc warrior (D:6)
  A slave (D:8)
  3 ice beasts
  2 black bears
  2 necrophages (D:8)
  2 sky beasts
  3 ogres
  9 wolves
  10 centaurs
  5 crocodiles
  Blork the orc (D:4)
  A big kobold (D:13)
  11 bullfrogs
  3 gnoll sergeants
  A water moccasin zombie (D:6)
  4 killer bees (D:7)
  3 scorpions
  9 wights
  2 howler monkeys
  7 crimson imps
  2 centaur zombies
  2 bullfrog zombies
  A centaur skeleton (D:5)
  3 jellies
  11 orc priests
  5 bullfrog skeletons
  3 hounds
  7 orc wizards
  4 worker ants
  2 worker ant zombies
  12 gnolls
  8 adders
  A hound simulacrum (D:8)
  4 shadow imps
  2 white imps (D:8)
  2 oozes
  An adder skeleton (D:8)
  4 worms
  2 dart slugs
  9 leopard geckos
  46 orcs
  2 giant cockroaches
  7 goblins
  10 hobgoblins
  13 jackals
  19 kobolds
  7 quokkas
  3 ball pythons
  7 bats
  9 frilled lizards
  A jackal skeleton (D:4)
  A quokka skeleton (D:5)
  7 rats
431 creatures vanquished.

Vanquished Creatures (collateral kills)
  A kobold demonologist (D:12)
  A komodo dragon (D:12)
  A hippogriff (Lair:2)
  A crocodile (Lair:2)
  2 big kobolds
  A bullfrog skeleton (D:12)
  An orc wizard (D:10)
  2 worker ants
  A gnoll (D:10)
  An adder (D:12)
  A worm (Lair:2)
  A giant cockroach (Lair:2)
  4 kobolds
18 creatures vanquished.

Vanquished Creatures (others)
  2 slaves (D:8)
  A hound (D:8)
  7 fungi
  3 plants (Lair:4)
13 creatures vanquished.

Grand Total: 462 creatures vanquished

Notes
Turn   | Place    | Note
-------+----------+-------------------------------------------
     0 | D:1      | Lentor the Minotaur Berserker began the quest for the Orb.
     0 | D:1      | Reached XP level 1. HP: 19/19 MP: 0/0
   106 | D:1      | Reached XP level 2. HP: 27/27 MP: 1/1
   153 | D:1      | Reached skill level 4 in Long Blades
   633 | D:2      | Reached XP level 3. HP: 30/33 MP: 2/2
   753 | D:2      | Found a faded altar of an unknown god.
   770 | D:2      | Reached ** piety under Trog
   780 | D:2      | Reached XP level 4. HP: 37/41 MP: 3/3
   819 | D:2      | Reached skill level 5 in Long Blades
  1174 | D:2      | Found a stormy altar of Qazlal.
  1535 | D:3      | Reached XP level 5. HP: 47/47 MP: 4/4
  1538 | D:3      | Reached skill level 5 in Fighting
  1538 | D:3      | Reached skill level 1 in Stealth
  2030 | D:3      | Found an iron altar of Okawaru.
  2148 | D:3      | Found an ornate altar of the Wu Jian Council.
  2612 | D:4      | Reached skill level 6 in Long Blades
  2612 | D:4      | Reached XP level 6. HP: 56/56 MP: 5/5
  2675 | D:4      | Noticed Blork the orc
  2682 | D:4      | Killed Blork the orc
  2682 | D:4      | Reached *** piety under Trog
  2808 | D:4      | Noticed werns's ghost (amateur HOAK)
  2817 | D:4      | Killed werns's ghost
  2817 | D:4      | Reached skill level 7 in Long Blades
  2817 | D:4      | Reached XP level 7. HP: 62/62 MP: 6/6
  3237 | D:4      | Found Ecock's Book Shoppe.
  3626 | D:5      | Entered Level 5 of the Dungeon
  3858 | D:5      | Found a sacrificial altar of Ru.
  3859 | D:5      | Found an opulent altar of Gozag.
  4275 | D:5      | Found a shadowy altar of Dithmenos.
  4376 | D:6      | Reached skill level 8 in Long Blades
  4409 | D:6      | Reached XP level 8. HP: 13/71 MP: 7/7
  4656 | D:6      | Found a staircase to the Ecumenical Temple.
  4675 | Temple   | Entered the Ecumenical Temple
  5166 | D:7      | Reached **** piety under Trog
  5302 | D:7      | Reached skill level 9 in Long Blades
  5302 | D:7      | Reached skill level 5 in Armour
  6049 | D:8      | Noticed Erica
  6073 | D:8      | Killed Erica
  6073 | D:8      | Reached skill level 5 in Dodging
  6073 | D:8      | Reached XP level 9. HP: 55/80 MP: 8/8
  6192 | D:8      | Reached skill level 10 in Long Blades
  6211 | D:8      | Noticed Joseph
  6224 | D:8      | Killed Joseph
  6364 | D:8      | Noticed a polar bear
  6539 | D:7      | Killed a polar bear
  6567 | D:8      | Noticed a polar bear
  6588 | D:7      | Killed a polar bear
  6870 | D:8      | Noticed Pikel
  6879 | D:8      | Reached XP level 10. HP: 88/88 MP: 9/9
  6895 | D:8      | Killed Pikel
  6929 | D:8      | Noticed Naru's ghost (novice SpVM)
  7150 | D:8      | Reached skill level 11 in Long Blades
  7163 | D:8      | Killed Naru's ghost
  7498 | D:8      | Reached ***** piety under Trog
  7890 | D:9      | Reached skill level 10 in Armour
  7930 | D:9      | Reached skill level 12 in Long Blades
  7930 | D:9      | Reached skill level 5 in Stealth
  7930 | D:9      | Reached XP level 11. HP: 98/98 MP: 10/10
  7965 | D:9      | Noticed a two-headed ogre
  7976 | D:9      | Killed a two-headed ogre
  7976 | D:9      | Reached skill level 10 in Fighting
  8334 | D:10     | Entered Level 10 of the Dungeon
  8346 | D:10     | Noticed a two-headed ogre
  8353 | D:10     | Killed a two-headed ogre
  8356 | D:10     | Reached skill level 13 in Long Blades
  8480 | D:10     | Reached XP level 12. HP: 100/106 MP: 11/11
  8512 | D:10     | Received a gift from Trog
  8517 | D:10     | Found the +5 robe of Night {Dark MR+ SInv}
  8529 | D:10     | Noticed a two-headed ogre
  8537 | D:10     | Killed a two-headed ogre
  8537 | D:10     | Received a gift from Trog
  8590 | D:10     | Reached skill level 5 in Shields
  8903 | D:10     | Found a flagged portal.
  8907 | D:10     | Noticed a two-headed ogre
  8922 | D:10     | Killed a two-headed ogre
  9321 | D:11     | Noticed Gastronok
  9332 | D:11     | Killed Gastronok
  9426 | D:11     | Noticed a seven-headed hydra
  9431 | D:11     | Killed a five-headed hydra
  9611 | D:11     | Noticed Nergalle
  9622 | D:11     | Killed Nergalle
  9843 | D:11     | Found a staircase to the Lair.
  9972 | D:11     | Found a staircase to the Orcish Mines.
 10013 | D:11     | Found Ilagg's Magic Scroll Shop.
 10207 | D:11     | Noticed Grum
 10233 | D:11     | Killed Grum
 10478 | D:12     | Noticed a two-headed ogre
 10483 | D:12     | Killed a two-headed ogre
 10494 | D:12     | Reached skill level 14 in Long Blades
 10502 | D:12     | Noticed Niraks's ghost (journeyman MiBe)
 10528 | D:12     | Killed Niraks's ghost
 10638 | D:12     | Noticed Maurice
 10644 | D:12     | Killed Maurice
 11188 | D:12     | Reached XP level 13. HP: 116/116 MP: 12/12
 11219 | D:12     | Received a gift from Trog
 11688 | D:13     | Found a gate to the Vaults.
 11796 | D:13     | Got a fine bone amulet
 11809 | D:13     | Identified the amulet "Jetasak" {RegenMP rElec rF+ Str+8} (You found it on level 13 of the Dungeon)
 12448 | Lair:1   | Entered Level 1 of the Lair of Beasts
 12610 | Lair:1   | Reached skill level 10 in Dodging
 13231 | Lair:2   | Noticed Fannar
 13233 | Lair:2   | Found a hole to the Spider Nest.
 13426 | Lair:2   | Killed Fannar
 13429 | Lair:2   | Received a gift from Trog
 14532 | Lair:3   | Reached skill level 15 in Long Blades
 15049 | Lair:3   | Found a staircase to the Swamp.
 15134 | Lair:3   | Noticed Rupert
 15149 | Lair:3   | Killed Rupert
 15163 | Lair:3   | Noticed Snorg
 15173 | Lair:3   | Killed Snorg
 15631 | Lair:3   | Reached XP level 14. HP: 127/127 MP: 13/13
 15678 | Lair:4   | Reached skill level 10 in Shields
 16293 | Lair:4   | Noticed Urug
 16306 | Lair:4   | Killed Urug
 16557 | Lair:4   | HP: 2/129 [oklob plant/splash of acid (13)]
 16557 | Lair:4   | Splashed by an oklob plant's acid

Skill      XL: |  1  2  3  4  5  6  7  8  9 10 11 12 13 14 |
---------------+-------------------------------------------+-----
Fighting       | 4 5 6 7 8 9 10 11 12 13 | 13.1
Long Blades    | 4 5 6 7 8 9 10 12 13 14 15 | 15.4
Stealth        | 1 2 3 4 5 6 7 |  7.9
Dodging        | 3 4 5 6 7 9 10 | 10.9
Armour         | 3 7 8 10 11 | 11.2
Throwing       | 3 |  3.3
Shields        | 3 4 7 9 10 | 10.7

Action                   |  1- 3 |  4- 6 |  7- 9 | 10-12 | 13-15 || total
-------------------------+-------+-------+-------+-------+-------++-------
Melee: Falchion          |    39 |   105 |   295 |    83 |       ||   522
       Headbutt          |     7 |    21 |    64 |    81 |    78 ||   251
       Scimitar          |       |       |       |   316 |   347 ||   663
Throw: Javelin           |       |       |       |       |     6 ||     6
Invok: Berserk           |     1 |     4 |     6 |    13 |     8 ||    32
       Burn Spellbooks   |       |       |       |     1 |       ||     1
       Brothers in Arms  |       |       |       |     3 |     1 ||     4
  Use: Scroll            |       |       |    14 |    11 |     6 ||    31
       Potion            |       |       |       |     2 |     1 ||     3
 Stab: Sleeping          |     1 |     4 |     4 |    15 |    13 ||    37
       Distracted        |       |       |     1 |       |     4 ||     5
  Eat: Chunk             |       |     9 |    12 |    20 |    12 ||    53
       Ration            |       |       |     2 |     3 |     4 ||     9
Armor: Animal skin       |     9 |     5 |       |       |       ||    14
       Leather armour    |       |     7 |     5 |       |       ||    12
       Scale mail        |       |       |   101 |    70 |       ||   171
       Robe              |       |       |       |    31 |    28 ||    59
       Troll leather arm |       |       |       |       |    14 ||    14
Dodge: Dodged            |    43 |    45 |   160 |   168 |   138 ||   554
Block: Shield            |       |       |       |   156 |   165 ||   321
       Rpst.: Falchion   |     9 |    11 |    41 |    11 |       ||    72
       Scimitar          |       |       |       |    25 |    28 ||    53
